 Dungeon Crawl Stone Soup version 0.27-a0-1532-gca18f49f40 (webtiles) character file.

Game seed: 8072200187540896003

11047 pokeman the Thaumaturge (level 11, -8/63 HPs)
             Began as a Deep Elf Hedge Wizard on July 12, 2021.
             Was an Elder of Vehumet.
             Killed from afar by a gargoyle (16 damage)
             ... with a stone arrow
             ... while paralysed by an orc
             ... on level 10 of the Dungeon on July 13, 2021.
             The game lasted 00:41:01 (12426 turns).

pokeman the Thaumaturge (Deep Elf Hedge Wizard)    Turns: 12426, Time: 00:41:01

Health: -8/63      AC:  9    Str:  7    XL:     11   Next: 44%
Magic:  18/31      EV:  2    Int: 23    God:    Vehumet [****..]
Gold:   1159       SH:  0    Dex: 14    Spells: 27/39 levels left

rFire    + + .     SeeInvis .   e - staff of fire
rCold    x . .     Faith    .   (no shield)
rNeg     . . .     Spirit   .   T - +0 steam dragon scales
rPois    +         Reflect  +   c - +0 hat
rElec    .         Harm     .   K - +1 cloak {rPois}
rCorr    .         Rampage  .   k - +0 pair of gloves
Will     +....                  (no boots)
Stlth    ++........             b - amulet of reflection
HPRegen  0.20/turn              n - ring of wizardry
MPRegen  0.22/turn              D - ring of fire

@: paralysed
A: no striking features
a: Renounce Religion


You were on level 10 of the Dungeon.
You worshipped Vehumet.
Vehumet was greatly pleased with you.
You visited 2 branches of the dungeon, and saw 11 of its levels.
You also visited: Bailey.

You collected 1159 gold pieces.

Inventory:

Hand Weapons
 p - a +0 dagger of venom
 w - the +3 short sword of Reapportionment {holy, rC+ rCorr}
   (You found it on level 5 of the Dungeon)

   It has been blessed by the Shining One to cause great damage to the undead
   and demons.
   rC:        It protects you from cold.
   rCorr:     It protects you from acid and corrosion.
 x - a +0 hand crossbow
 L - a +1 dagger of distortion
 M - a +1 vorpal shortbow
Missiles
 g - 234 arrows
 q - 82 bolts
Armour
 c - a +0 hat (worn)
 k - a +0 pair of gloves (worn)
 z - the +0 leather armour "Hinyna" {Harm rElec Will- Slay+5}
   (You found it on level 6 of the Dungeon)

   Slay:      It affects your accuracy & damage with ranged weapons and melee
   (+5).
   rElec:     It insulates you from electricity.
   Harm:      It increases damage dealt and taken.
   Will:      It decreases your willpower.
 K - a +1 cloak of poison resistance (worn)
 T - +0 steam dragon scales (worn)
Magical Staves
 e - a staff of fire (weapon)
 Q - a staff of earth
Jewellery
 b - an amulet of reflection (around neck)
 n - a ring of wizardry (left hand)
 D - a ring of fire (right hand)
 G - a +4 ring of evasion
 H - an amulet of guardian spirit
 I - a ring of flight
 O - a ring of resist corrosion
Wands
 r - a wand of flame (17)
 s - a wand of polymorph (4)
Scrolls
 h - 6 scrolls of identify
 i - 4 scrolls of enchant weapon
 l - 4 scrolls of teleportation
 m - 2 scrolls of fog
 o - 2 scrolls of fear
 t - 2 scrolls of vulnerability
 y - a scroll of immolation {unknown}
 C - 4 scrolls of amnesia {unknown}
 J - a scroll of acquirement {unknown}
 P - a scroll of summoning {unknown}
 R - 2 scrolls of enchant armour {unknown}
 S - 3 scrolls of torment {unknown}
Potions
 f - 2 potions of cancellation {unknown}
 j - 6 potions of curing {unknown}
 u - a potion of haste {unknown}
 v - 3 potions of brilliance {unknown}
 A - a potion of degeneration {unknown}
 B - 2 potions of ambrosia {unknown}
 E - 2 potions of magic {unknown}
 F - 2 potions of heal wounds {unknown}
 N - a potion of resistance {unknown}


   Skills:
 - Level 5.0 Fighting
 + Level 4.3 Armour
 - Level 3.2 Dodging
 - Level 3.0 Stealth
 * Level 14.9 Spellcasting
 + Level 9.0 Conjurations
 - Level 1.1 Summonings
 - Level 1.1 Translocations
 + Level 7.9 Fire Magic
 - Level 1.1 Air Magic
 - Level 1.0 Poison Magic
 - Level 1.3 Evocations


You had 27 spell levels left.
You knew the following spells:

 Your Spells              Type           Power      Damage    Failure   Level
a - Magic Dart            Conj           100%       1d8       1%          1
b - Mephitic Cloud        Conj/Pois/Air  34%        N/A       1%          3
c - Call Imp              Summ           22%        N/A       1%          2
d - Blink                 Tloc           N/A        N/A       1%          2
e - Conjure Flame         Conj/Fire      90%        6-21      1%          3
f - Foxfire               Conj/Fire      100%       2x1d9     1%          1

Your spell library contained the following spells:

 Spells                   Type           Power      Damage    Failure   Level
 Airstrike                Air            11%        N/A       2%          4
 Animate Skeleton         Necr           34%        N/A       1%          1
 Beastly Appendage        Tmut           34%        N/A       1%          1
 Pain                     Necr           68%        1d7       1%          1
 Dazzling Flash           Conj/Hex       76%        N/A       1%          3
 Ignite Poison            Fire/Tmut/Pois 62%        N/A       1%          3
 Inner Flame              Hex/Fire       68%        N/A       1%          3
 Sticky Flame             Conj/Fire      90%        2d10      1%          4
 Slow                     Hex            17%        N/A       2%          2
 Wereblood                Tmut           17%        N/A       2%          2
 Spider Form              Tmut/Pois      9%         N/A       3%          3
 Vampiric Draining        Necr           8%         2d7       4%          3
 Cause Fear               Hex            8%         N/A       14%         4
 Silence                  Hex/Air        9%         N/A       28%         5
 Agony                    Necr           17%        N/A       34%         5
 Discord                  Hex            8%         N/A       100%        8


Dungeon Overview and Level Annotations

Branches:
Dungeon (10/15)            Temple (1/1) D:4            Lair (0/6) D:10
 Bailey (visited)
    Orc: D:9-12

Altars:
Ashenzari
Cheibriados
Dithmenos
Elyvilon
Fedhas
Gozag
Hepliaklqana
Kikubaaqudgha
Makhleb
Nemelex Xobeh
Okawaru
Qazlal
Ru
Sif Muna
Trog
Uskayaw
Vehumet
Wu Jian
Xom
Yredelemnul
Zin
The Shining One

Shops:
D:7 *

Annotations:
D:9 3 runed translucent doors, Hubris850's ghost, novice DrCj; bande's ghost, novice GrFi; finalsalamander's ghost, journeyman NaWn; pokeman's ghost, novice DEWz


Message History

A beastly little devil appears in a puff of flame.
The centaur warrior looks very confused.
The fire dragon breathes flames at you. The blast of flame hits you!
You resist.
* * * LOW HITPOINT WARNING * * *
The blast of flame hits your crimson imp.
Your crimson imp completely resists.
The centaur warrior gestures wildly.
You swap places.
Your crimson imp hits the fire dragon.
Things that are here:
a +0 war axe; a +0 plate armour
As you read the scroll of teleportation, it crumbles to dust.
You feel strangely unstable.
The fire dragon closely misses your crimson imp.
The fire dragon claws your crimson imp but does no damage.
The fire dragon barely misses your crimson imp.
Your crimson imp hits the fire dragon but does no damage.
Unknown command.
The fire dragon bites your crimson imp!
Your crimson imp dies!
Your surroundings suddenly seem different.
A gargoyle comes into view. It is wielding a +0 flail.
Found a stone staircase leading down.
Found 17 stones.
A kobold brigand comes into view.
It is wielding a +0 long sword and quivering poisoned darts.
An orc comes into view.
It is wielding a +0 flail and carrying a wand of paralysis (7).
The kobold brigand barely misses you.
The orc zaps a wand.
You suddenly lose the ability to move!
The kobold brigand hits you but does no damage.
The orc zaps a wand.
You resist with almost no effort.
The kobold brigand hits you with a +0 long sword.
* * * LOW HITPOINT WARNING * * *
The kobold brigand hits you with a +0 long sword.
* * * LOW HITPOINT WARNING * * *
The orc zaps a wand.
You resist with almost no effort.
The kobold brigand hits you with a +0 long sword.
* * * LOW HITPOINT WARNING * * *
The gargoyle hurls a stone arrow at you.
The stone arrow hits you!
You die...

####..##.........
.(....##.........
.......>........
#..##.........
#......9.##### ##
#...#....# ..
#9#.#....#
#.#.#......#
#.K@##...###
#.#.##...#
#.#.##...# #
#.###..# #.# ..#
#o# #.# #..


You could see a gargoyle, a kobold brigand and an orc.

Vanquished Creatures
  A hydra (D:9)
  A centaur warrior (D:10)
  A two-headed ogre (D:10)
  A deep elf pyromancer (D:10)
  An orc knight (D:10)
  A cyclops (D:10)
  Maurice (D:8)
  Psyche (D:8)
  Prince Ribbit (D:8)
  A hornet (D:9)
  2 trolls
  A slime creature (D:10)
  A blink frog (shapeshifter) (D:10)
  Sigmund (D:2)
  5 yaks (D:10)
  A basilisk (D:8)
  A wyvern (D:10)
  2 steam dragons
  Menkaure (D:7)
  An acid dragon (D:9)
  3 water moccasins
  Duvessa (D:7)
  2 ice beasts
  13 orc warriors
  3 hornet zombies
  2 black bears
  2 centaurs
  5 necrophages
  A phantom (D:6)
  3 kobold brigands
  A bullfrog (D:6)
  A scorpion (D:6)
  A wyvern zombie (D:6)
  A gnoll sergeant (D:10)
  Dowan (D:7)
  A water moccasin zombie (D:6)
  A wyvern skeleton (D:7)
  11 wights
  A howler monkey (D:4)
  A centaur zombie (D:9)
  A hound (D:5)
  5 orc priests
  A gnoll shaman (D:10)
  2 bullfrog skeletons
  3 centaur skeletons
  An iguana (D:7)
  Terence (D:3)
  5 orc wizards
  2 howler monkey zombies
  3 mummies (D:6)
  4 gnolls
  12 adders
  A shadow imp (D:7)
  2 white imps (D:6)
  An ufetubus (D:5)
  2 worms
  2 dart slugs
  29 orcs
  3 ball pythons
  4 bats
  3 endoplasms
  4 giant cockroaches
  9 goblins
  9 hobgoblins
  A jackal (D:2)
  3 quokkas
  2 frilled lizards
  13 kobolds
209 creatures vanquished.

Vanquished Creatures (collateral kills)
  An orc wizard (D:3)
  3 orcs
4 creatures vanquished.

Vanquished Creatures (others)
  376 foxfires
376 creatures vanquished.

Grand Total: 589 creatures vanquished

Notes
Turn   | Place    | Note
-------+----------+-------------------------------------------
     0 | D:1      | pokeman the Deep Elf Hedge Wizard began the quest for the
                  | Orb.
     0 | D:1      | Reached XP level 1. HP: 10/10 MP: 7/7
   417 | D:1      | Reached XP level 2. HP: 16/16 MP: 3/9
  1087 | D:2      | Found a sparkling altar of Nemelex Xobeh.
  1117 | D:2      | Noticed Sigmund
  1338 | D:2      | Reached skill level 5 in Spellcasting
  1410 | D:2      | Reached XP level 3. HP: 20/20 MP: 7/11
  1414 | D:2      | Learned a level 3 spell: Mephitic Cloud
  1417 | D:2      | Learned a level 2 spell: Call Imp
  1420 | D:2      | Learned a level 2 spell: Blink
  1424 | D:2      | Learned a level 3 spell: Conjure Flame
  1562 | D:2      | Found a faded altar of an unknown god.
  2169 | D:2      | Reached skill level 1 in Fighting
  2169 | D:2      | Reached skill level 1 in Armour
  2788 | D:2      | Reached XP level 4. HP: 21/25 MP: 5/13
  2877 | D:2      | Killed Sigmund
  2878 | D:2      | Reached skill level 6 in Spellcasting
  2878 | D:2      | Reached XP level 5. HP: 14/30 MP: 9/16
  3275 | D:3      | Reached XP level 6. HP: 30/35 MP: 12/17
  3324 | D:3      | Noticed Terence
  3352 | D:3      | Killed Terence
  3503 | D:3      | Reached skill level 7 in Spellcasting
  4017 | D:4      | Reached skill level 1 in Fire Magic
  4226 | D:4      | Reached skill level 1 in Air Magic
  4226 | D:4      | Reached XP level 7. HP: 15/40 MP: 3/20
  4454 | D:4      | Found a staircase to the Ecumenical Temple.
  4461 | Temple   | Entered the Ecumenical Temple
  4515 | Temple   | Became a worshipper of Vehumet
  4869 | D:4      | Found a hazy altar of Hepliaklqana.
  5005 | D:4      | Reached skill level 8 in Spellcasting
  5103 | D:4      | Found a shadowy altar of Dithmenos.
  5401 | D:5      | Entered Level 5 of the Dungeon
  5404 | D:5      | Identified the +3 short sword of Reapportionment {holy, rC+
                  | rCorr}
  5483 | D:5      | Reached skill level 1 in Poison Magic
  5620 | D:5      | Reached skill level 1 in Evocations
  5776 | D:5      | Found a shimmering altar of Xom.
  5872 | D:5      | Found a glowing golden altar of the Shining One.
  5891 | D:5      | Found a blossoming altar of Fedhas.
  6065 | D:6      | Reached XP level 8. HP: 38/45 MP: 9/22
  6209 | D:6      | Reached skill level 9 in Spellcasting
  6210 | D:6      | Reached * piety under Vehumet
  6210 | D:6      | Offered knowledge of Foxfire by Vehumet.
  6225 | D:6      | Learned a level 1 spell: Foxfire
  6398 | D:6      | Reached skill level 5 in Conjurations
  6761 | D:6      | Reached skill level 10 in Spellcasting
  6935 | D:6      | Found an opulent altar of Gozag.
  7082 | D:6      | Identified the +0 leather armour "Hinyna" {Harm rElec Will-
                  | Slay+5}
  7428 | D:6      | Found an ornate altar of the Wu Jian Council.
  7551 | D:6      | Reached XP level 9. HP: 50/50 MP: 17/25
  7793 | D:6      | Offered knowledge of Freeze by Vehumet.
  7810 | D:6      | Reached ** piety under Vehumet
  7811 | D:6      | Reached skill level 11 in Spellcasting
  7873 | D:6      | Found a basalt altar of Yredelemnul.
  8173 | D:7      | Found a stormy altar of Qazlal.
  8534 | D:7      | Found an iron altar of Okawaru.
  8555 | D:7      | Noticed Menkaure
  8562 | D:7      | Killed Menkaure
  8739 | D:7      | Noticed Duvessa
  8741 | D:7      | Noticed Dowan
  8753 | D:7      | Killed Duvessa
  8758 | D:7      | Killed Dowan
  8822 | D:7      | Found a glowing silver altar of Zin.
  8822 | D:7      | Found Zin's Purification Station.
  9300 | D:8      | Reached skill level 5 in Fire Magic
  9509 | D:8      | Noticed Maurice
  9524 | D:8      | Killed Maurice
  9525 | D:8      | Reached skill level 12 in Spellcasting
  9635 | D:8      | Noticed Psyche
  9646 | D:8      | Killed Psyche
  9647 | D:8      | Reached XP level 10. HP: 33/56 MP: 15/28
  9661 | D:8      | Noticed Prince Ribbit
  9671 | D:8      | Killed Prince Ribbit
  9885 | D:8      | Offered knowledge of Poisonous Vapours by Vehumet.
 10201 | D:9      | Found a flagged portal.
 10210 | Bailey   | Entered a bailey
 10232 | Bailey   | Reached skill level 13 in Spellcasting
 10487 | Bailey   | Reached *** piety under Vehumet
 11053 | D:9      | Found a shimmering blue altar of Sif Muna.
 11294 | D:9      | Found a runed translucent gate.
 11294 | D:9      | Found a runed translucent gate.
 11294 | D:9      | Found a runed translucent gate.
 11296 | D:9      | Noticed Hubris850's ghost (novice DrCj)
 11296 | D:9      | Noticed bande's ghost (novice GrFi)
 11296 | D:9      | Noticed finalsalamander's ghost (journeyman NaWn)
 11296 | D:9      | Noticed pokeman's ghost (novice DEWz)
 11504 | D:9      | Noticed a five-headed hydra
 11599 | D:9      | Killed a five-headed hydra
 11599 | D:9      | Offered knowledge of Airstrike by Vehumet.
 11992 | D:10     | Entered Level 10 of the Dungeon
 12003 | D:10     | Found a staircase to the Lair.
 12045 | D:10     | Noticed a cyclops
 12062 | D:10     | Killed a cyclops
 12063 | D:10     | Reached skill level 14 in Spellcasting
 12088 | D:10     | Reached XP level 11. HP: 55/62 MP: 19/31
 12091 | D:10     | Noticed a centaur warrior
 12098 | D:10     | Killed a centaur warrior
 12126 | D:10     | Noticed an orc knight
 12165 | D:10     | Killed an orc knight
 12166 | D:10     | Reached skill level 5 in Fighting
 12226 | D:10     | Noticed a deep elf pyromancer
 12235 | D:10     | Killed a deep elf pyromancer
 12386 | D:10     | Noticed a two-headed ogre
 12388 | D:10     | Noticed a fire dragon
 12390 | D:10     | Noticed a centaur warrior
 12393 | D:10     | Reached **** piety under Vehumet
 12403 | D:10     | Killed a two-headed ogre
 12421 | D:10     | Paralysed by an orc for 6 turns
 12426 | D:10     | Killed from afar by a gargoyle

Illustrated notes

Levels and vault maps discovered:
D:1:      dpeg_arrival_rhombus, layout_basic, serial_corexii_hall,
          chequers_hall_statues_y, corexii_hall_statues_x, serial_bayou_crossing
D:2:      minmay_alternating_diamond, layout_basic,
          ebering_ecumenical_altar_webs, basic_altar, uniq_sigmund
D:3:      layout_rooms, st_stairs_6, amcnicky_mini_pool_small, uniq_terence
D:4:      layout_basic, mainiacjoe_overflow_concentric_impassable,
          nicolae_dithmenos_shadow_blocks, minmay_temple_entry_mini_moons
D:5:      wander_river, layout_gridville, mainiacjoe_overflow_brackets,
          tso_oasis_becter, xom_teletrap_fun
D:6:      layout_loops_cross, lemuel_tele_altar,
          lemuel_mausoleum_altar_yredelemnul, grunt_gozag_breadcrumbs,
          minmay_crossroads
D:7:      layout_loops_corners, okawaru_altar_gauntlet_db,
          amcnicky_altar_gilded, zin_purify, kennysheep_path_1, uniq_menkaure,
          uniq_duvessa
D:8:      layout_gridville, uniq_maurice, uniq_prince_ribbit1, uniq_psyche
D:9:      layout_stronghold, mainiacjoe_overflow_alcove_4, enter_bailey_2,
          gammafunk_ghost_cemetery
D:10:     minmay_the_grid_3x2 [minmay_the_grid_large_cup, minmay_the_grid_eight,
          minmay_the_grid_minigrid_small, minmay_the_grid_square_x,
          minmay_the_grid_holed_spiral, minmay_the_grid_prize_four_corners],
          layout_basic, lair_entry_dummy, david_orc_2
Temple:   zaba_magenta_temple

Skill      XL: |  1  2  3  4  5  6  7  8  9 10 11 |
---------------+----------------------------------+-----
Spellcasting   | 5 6 7 8 10 12 14 | 14.9
Fighting       | 1 2 3 4 5 |  5.0
Armour         | 1 2 4 |  4.3
Conjurations   | 2 3 4 5 7 8 9 |  9.0
Fire Magic     | 1 3 5 7 |  7.9
Dodging        | 3 |  3.2
Air Magic      | 1 |  1.1
Stealth        | 3 |  3.0
Poison Magic   | 1 |  1.0
Evocations     | 1 |  1.3
Summonings     | |  1.1
Translocations | |  1.1

Action                   |  1- 3 |  4- 6 |  7- 9 | 10-12 || total
-------------------------+-------+-------+-------+-------++-------
Melee: Staff             |     2 |    27 |    55 |    53 ||   137
       Unarmed           |       |       |    10 |       ||    10
 Cast: Magic Dart        |   100 |    65 |    82 |       ||   247
       Mephitic Cloud    |     1 |     4 |    14 |    29 ||    48
       Conjure Flame     |       |     5 |    25 |    28 ||    58
       Call Imp          |       |     5 |    11 |     8 ||    24
       Foxfire           |       |       |   125 |    83 ||   208
       Blink             |       |       |     6 |     4 ||    10
Evoke: Wand              |       |       |       |     4 ||     4
  Use: Scroll            |       |       |       |     8 ||     8
 Stab: Confused          |     1 |       |     4 |     2 ||     7
       Distracted        |       |     1 |       |       ||     1
Armor: Leather armour    |     9 |    16 |     9 |     7 ||    41
       Steam dragon scal |       |       |       |     6 ||     6
Dodge: Dodged            |    14 |    24 |    54 |    45 ||   137
Block: Other             |     2 |     7 |    13 |    11 ||    33
       Reflection        |       |     1 |     2 |     2 ||     5

Table legend: (Time is in decaauts)
 A = Elapsed time spent in this place.
 B = Non-inter-level travel time spent in this place.
 C = Inter-level travel time spent in this place.
 D = Time resting spent in this place.
 E = Time spent auto-exploring this place.
 F = Levels seen in this place.
 G = Mean time per level.
                   A        B        C        D        E       F      G
               +--------+--------+--------+--------+--------+-----+--------+
         Total |  12489 |  12274 |    215 |   1092 |   9180 |  12 | 1040.8 |
       Dungeon |  11875 |  11672 |    203 |    844 |   8945 |  10 | 1187.5 |
        Temple |     67 |     55 |     12 |      0 |     43 |   1 |   67.0 |
        Bailey |    545 |    545 |      0 |    248 |    192 |   1 |  545.0 |
               +--------+--------+--------+--------+--------+-----+--------+

Top non-repeatable levels by time:
     D:2: 1925 daAuts
     D:6: 1794 daAuts
     D:4: 1418 daAuts
     D:9: 1353 daAuts
     D:7: 1326 daAuts
     D:1: 1145 daAuts
     D:3: 902 daAuts
     D:8: 805 daAuts
     D:5: 762 daAuts
  Bailey: 545 daAuts
    D:10: 440 daAuts
  Temple: 67 daAuts
